Cogmind - Beta 14 @@@ ROGUE MODE // 2024.11.11 @ 22:51:01 Player: Enathri Result: Destroyed by S-10 Pest with Light Assault Rifle Performance ------------- Evolutions (1) 500 Regions Visited (2) 400 Robots Destroyed (15) 75 Value Destroyed (427) 427 Prototype IDs (0) 0 Alien Tech Used (0) 0 Bonus (0) 0 TOTAL SCORE: 1402 Bonus ------- None Cogmind --------- Core Integrity 0/400 Matter 229/300 Energy 100/100 System Corruption 0% Temperature Cool (0) Movement Rolling (100) Location -9/Materials Parts ------- > --- POWER (1) -------- (None) > --- PROPULSION (4) --- Compact Wheel > --- UTILITY (2) ------ Small Storage Unit Medium Storage Unit > --- WEAPON (2) ------- (None) > --- INVENTORY (10) --- Light Treads Light Treads Peak State ------------ > --- POWER ------------ Ion Engine > --- PROPULSION ------- Aluminum Leg Aluminum Leg Aluminum Leg Aluminum Leg > --- UTILITY ---------- Small Storage Unit Medium Storage Unit > --- WEAPON ----------- Light Assault Rifle Rocket Launcher > --- INVENTORY -------- Ion Engine Light Ion Engine Light Treads Light Treads Wheel Compact Wheel Small Laser [Rating: 10] Favorites ----------- Power Ion Engine Engine Ion Engine Propulsion Aluminum Leg Leg Aluminum Leg Wheel Compact Wheel Utility Small Storage Unit Storage Small Storage Unit Weapon Light Assault Rifle Energy Gun EM Pulse Gun Ballistic Gun Light Assault Rifle Launcher Rocket Launcher Special Melee Weapon Datajack Build | -11 -10 -9 ------- Run | Yrd Mat Mat Slots Evolved 2 | . . 2 Power . | . . . Propulsion 2 | . . 2 Utility . | . . . Weapon . | . . . Parts Attached 20 | 6 4 10 Power 4 | 1 1 2 Engine 4 | 1 1 2 Core . | . . . Reactor . | . . . Propulsion 8 | 2 2 4 Treads . | . . . Leg 6 | 2 2 2 Wheel 2 | . . 2 Hover . | . . . Flight . | . . . Utility 2 | 1 1 . Device . | . . . Storage 2 | 1 1 . Processor . | . . . Hackware . | . . . Protection . | . . . Artifact . | . . . Weapon 6 | 2 . 4 Energy Gun 2 | 1 . 1 Energy Cannon . | . . . Ballistic Gun 1 | 1 . . Ballistic Cannon . | . . . Launcher 2 | . . 2 Special Weapon . | . . . Impact Weapon . | . . . Slashing Weapon . | . . . Piercing Weapon . | . . . Special Melee Weapon 1 | . . 1 Unidentified Prototypes . | . . . Parts Lost 14 | . 2 12 Power 4 | . 1 3 Propulsion 5 | . . 5 Utility . | . . . Weapon 5 | . 1 4 Highest Loss Streak 12 | . 2 12 To Critical Strikes . | . . . Average Slot Usage (%) 81 | . 91 70 Engine 10 | . 13 7 Leg 24 | . 28 20 Wheel 3 | . . 7 Storage 24 | . 27 22 Energy Gun 4 | . 7 2 Ballistic Gun 10 | . 14 7 Launcher 1 | . . 3 Peak Build Rating 10 | 6 7 10 Average Rating 6 | 4 6 6 On Entrance 4 | . 6 6 Naked Turns . | . . . Heaviest Build 25 | 13 23 25 Greatest Support 40 | 20 20 40 Greatest Overweight (x) 5 | . 1 5 Average Overweight (x) . | . . . Largest Inventory Capacity 10 | 8 10 10 Average Capacity 9 | 6 9 10 Most Carried 9 | 7 9 8 Average Carried 6 | 3 8 5 Final Capacity 10 | 8 10 10 Final Carried 9 | 7 9 2 Class Distribution -------------------- 100% | Mutant Dominant Class ---------------- Mutant | -10/Materials Mutant | -9/Materials Resources | -11 -10 -9 ----------- Run | Yrd Mat Mat Matter Collected 370 | 267 50 53 Remotely . | . . . Salvage Created 387 | 16 212 159 Parts 37 | 6 13 18 Haulers Intercepted . | . . . Recyclers Shooed . | . . . Parts Field Recycled . | . . . Retrieved Matter . | . . . Parts Self-Destructed . | . . . Prevented . | . . . Kills | -11 -10 -9 ------- Run | Yrd Mat Mat Combat Hostiles Destroyed 12 | . 5 7 Guns 5 | . 4 1 AOE 7 | . 1 6 Classes Destroyed 5 | 1 1 3 Tunneler 2 | 1 . 1 Watcher 1 | . . 1 Swarmer 2 | . . 2 Grunt 9 | . 5 4 Sentry 1 | . . 1 Best Kill Streak 9 | 1 4 9 Combat Bots Only 7 | . 4 7 Max Kills in Single Turn 3 | 1 1 3 Gunslinging . | . . . Exploded 2 | . 1 2 Melee . | . . . Uniques/NPCs Destroyed . | . . . Combat | -11 -10 -9 -------- Run | Yrd Mat Mat Hostile Shots Fired 186 | . 30 156 Missed 48 | . 5 43 Damage Taken 1618 | . 332 1286 Core 489 | . 83 406 Absorbed by Shields . | . . . Core Remaining (%) 83 | 100 66 . Volleys Fired 30 | 7 16 7 Largest 2 | 2 2 2 Hottest 60 | 60 60 53 Shots Fired 54 | 14 26 14 Gun 47 | 14 26 7 Cannon . | . . . Launcher 7 | . . 7 Special . | . . . Kinetic 30 | 7 16 7 Thermal . | . . . Explosive 7 | . . 7 Electromagnetic 17 | 7 10 . Robot Hit Streak 8 | 3 8 2 Robot Miss Streak 2 | 2 2 2 Penetration Max . | . . . Secondary Targets 2 | . 2 . Max Gunslinging Chain 1 | . 1 . Shots Hit Robots 34 | 6 23 5 Core Hits 29 | 3 11 15 Critical Kills . | . . . Critical Parts Destroyed . | . . . Critical Strikes . | . . . Melee Attacks 4 | . . 4 Impact . | . . . Slashing . | . . . Piercing . | . . . Sneak Attacks . | . . . Combat Hostiles . | . . . Follow-up Attacks . | . . . Damage Inflicted 1131 | 88 298 745 Guns 349 | 88 228 33 Cannons . | . . . Explosions 782 | . 70 712 Melee . | . . . Ramming . | . . . Kinetic 178 | 31 114 33 Thermal 70 | . 70 . Explosive 712 | . . 712 Electromagnetic 171 | 57 114 . Impact . | . . . Slashing . | . . . Piercing . | . . . Highest Corruption . | . . . Average Corruption . | . . . Corruption Purged . | . . . Corruption Blocked . | . . . Overload Shots . | . . . Overflow Damage . | . . . Projectiles . | . . . Explosions . | . . . Melee . | . . . Knockbacks . | . . . Impact . | . . . Kinetic . | . . . Secondary . | . . . Self-Inflicted Damage 62 | . 39 23 Shots 2 | . 1 1 Rammed . | . . . Targets Rammed . | . . . Kicked . | . . . Crushed . | . . . Highest Temperature 135 | 40 135 36 Average Temperature 36 | 19 51 15 Received Heat Transfer 444 | . 165 279 Siege Activations . | . . . Robots Corrupted . | . . . Combat Hostiles . | . . . Parts Fried . | . . . Impact Corruptions . | . . . Robots Melted . | . . . Combat Hostiles . | . . . Parts Melted 1 | . 1 . Heat Transferred 150 | . 150 . Parts Sabotaged . | . . . Parts Stolen . | . . . Parts Stripped . | . . . Power Chain Reactions 1 | . 1 . Alert | -11 -10 -9 ------- Run | Yrd Mat Mat Peak Influence 311 | 5 152 311 Initial 63 | . 3 63 Average 114 | 1 84 195 Maximum Alert Level 1 | . . 1 Low Security (%) 77 | 100 100 43 Level 1 22 | . . 56 Level 2 . | . . . Level 3 . | . . . Level 4 . | . . . Level 5 . | . . . High Security . | . . . Max Security . | . . . Squads Dispatched 3 | . 2 1 Investigation 1 | . . 1 Extermination . | . . . Reinforcement 2 | . 2 . Assault . | . . . Garrison . | . . . Intercept . | . . . Searches Triggered . | . . . Construction Impeded . | . . . Haulers Reinforced . | . . . Active Scanning Responses . | . . . Cargo Convoy Interrupts . | . . . Stealth | -11 -10 -9 --------- Run | Yrd Mat Mat Distress Signals 3 | . 2 1 Communications Jammed . | . . . Distress Signals . | . . . Times Spotted 29 | . 12 17 Peak Tracking Total 9 | . 6 9 Tactical Retreats 2 | . . 2 Traps | -11 -10 -9 ------- Run | Yrd Mat Mat Traps Triggered . | . . . Indirectly . | . . . Trap Hack Attempts . | . . . Triggered . | . . . Disarmed . | . . . Reprogrammed . | . . . Reused . | . . . Traps Extracted . | . . . Installed . | . . . Triggered . | . . . Machines | -11 -10 -9 ---------- Run | Yrd Mat Mat Machines Disabled . | . . . Max in Single Turn . | . . . Machines Repaired . | . . . Machines Dismantled . | . . . Machines Sabotaged . | . . . Overloaded Fab Kills . | . . . Hacking | -11 -10 -9 --------- Run | Yrd Mat Mat Machines Accessed 3 | . 1 2 Terminals 2 | . 1 1 Fabricators . | . . . Repair Stations . | . . . Recycling Units . | . . . Scanalyzers 1 | . . 1 Garrison Access . | . . . Total Hacks 13 | . 2 11 Successful 7 | . 1 6 Failed 6 | . 1 5 Catastrophic 1 | . . 1 Database Lockouts . | . . . Manual . | . . . Terminals 8 | . 2 6 Fabricators . | . . . Repair Stations . | . . . Recycling Units . | . . . Scanalyzers 5 | . . 5 Garrison Access . | . . . Terminal Hacks 2 | . 1 1 Transport Status 1 | . 1 . Recall Investigation 1 | . . 1 Fabricator Hacks . | . . . Repair Station Hacks . | . . . Recycling Unit Hacks . | . . . Scanalyzer 5 | . . 5 Insert Component 2 | . . 2 Analyze 3 | . . 3 Garrison Access Hacks . | . . . Unauthorized Hacks . | . . . Terminals . | . . . Fabricators . | . . . Repair Stations . | . . . Recycling Units . | . . . Scanalyzers . | . . . Garrison Access . | . . . Data Cores Recovered . | . . . Used . | . . . Hacking Detections 1 | . . 1 Full Trace Events 1 | . . 1 Feedback Events . | . . . Feedback Blocked . | . . . Robot Schematics Acquired . | . . . Robots Built . | . . . Authchips . | . . . Time . | . . . Total Robot Build Rating . | . . . Part Schematics Acquired 2 | . . 2 Parts Built . | . . . Authchips . | . . . Time . | . . . Total Part Build Rating . | . . . Parts Repaired . | . . . Time . | . . . Parts Recycled . | . . . Recycled Matter . | . . . Retrieved Matter . | . . . Retrieved Components . | . . . Parts Scanalyzed 2 | . . 2 Part Schematics Acquired 2 | . . 2 Parts Damaged . | . . . Bothacking | -11 -10 -9 ------------ Run | Yrd Mat Mat Used RIF Installer . | . . . Robots Hacked 1 | . . 1 Non-combat . | . . . Combat 1 | . . 1 Robot Hacks Applied 2 | . . 2 parse_system 2 | . . 2 Relay Couplers Released . | . . . Fabnet Peak Effective % . | . . . Robots Rewired . | . . . Allies Hacked . | . . . Hacks Repelled . | . . . Allies | -11 -10 -9 -------- Run | Yrd Mat Mat Total Allies . | . . . Largest Group . | . . . Highest-Rated Group . | . . . Highest-Rated Ally . | . . . Total Orders . | . . . Ally Attacks . | . . . Total Damage . | . . . Kills . | . . . Allies Corrupted . | . . . Allies Melted . | . . . Intel | -11 -10 -9 ------- Run | Yrd Mat Mat Robot Analysis Total . | . . . Derelict Logs Recovered . | . . . Drone Launches . | . . . Drone Recoveries . | . . . Exploration | -11 -10 -9 ------------- Run | Yrd Mat Mat Turns Passed 681 | 120 286 275 Spaces Moved 443 | 97 132 214 Core 45 | 44 . 1 Treads . | . . . Legs 272 | 53 132 87 Wheels 126 | . . 126 Hover . | . . . Flight . | . . . Fastest Speed 50 | 50 120 90 Average Speed 125 | 88 180 108 Slowest Speed 300 | 120 190 300 Overloaded Moves . | . . . Propulsion Burnouts . | . . . Robots Hopped . | . . . Cave-ins Triggered . | . . . Exploration Rate (%) 17 | 4 22 25 Regions Visited 2 Branch Regions . Pre-discovered Areas . | . . . Known Exits Taken . | . . . Unknown Exits Taken 2 | 1 1 . Scrap Searched . | . . . Spaces Dug . | . . . Terrain Destroyed 43 | . 4 39 Melee . | . . . Projectile . | . . . AOE 43 | . 4 39 Terrain Rammed . | . . . Walls Destroyed . | . . . Machines Disabled . | . . . Actions | -11 -10 -9 --------- Run | Yrd Mat Mat Total 512 | 116 155 241 Wait 6 | . 3 3 Move 441 | 96 131 214 Hop . | . . . Pick Up 9 | 7 . 2 Fast Attach 9 | 6 3 . Attach 10 | . . 10 Detach 2 | . 1 1 Swap 1 | . 1 . Drop . | . . . Fire 30 | 7 16 7 Melee 4 | . . 4 Ram . | . . . Kick . | . . . Crush . | . . . Escape Stasis . | . . . Rewire . | . . . Trap . | . . . Miscellaneous . | . . . Route ------- -11/Scrapyard -10/Materials -9/Materials History --------- Turn | Location | Event 22 | -11/Scrapyard | Discovered new exit (range 15) 121 | -11/Scrapyard | Entered Materials 303 | -10/Materials | Build established: Mutant 384 | -10/Materials | Discovered new exit (range 7) 407 | -10/Materials | Entered another Materials area 407 | -9/Materials | Evolved 2 slots: Propulsion x2 557 | -9/Materials | Destroyed 7 combat bots 579 | -9/Materials | Core integrity fell below 50% 628 | -9/Materials | Core integrity fell below 20% 682 | -9/Materials | Destroyed by S-10 Pest with Light Assault Rifle Last Messages --------------- 00581_ Lgt. Assault Rifle destroyed. 00595_ Wheel destroyed. 00603_ K-01 Serf cleans the Nuclear Reactor. 00610_ K-01 Serf collects debris. 00616_ Jacked S-10 Pest... >>parse_system Reading system data... 00619_ Jacked S-10 Pest... >>parse_system Reading system data... 00624_ Datajack destroyed. 00638_ Lgt. Ion Engine destroyed. 00663_ Connecting with Terminal... >>Recall(Investigation) Establishing remote squad link... No tasked investigation squads found. 00663_ ALERT: Suspicious activity at Terminal M009. Dispatching Investigation squad. 00668_ Sml. Laser destroyed. 00672_ K-01 Serf collects debris. Map ----- +----------------------------------------------------+ | | | | | | | | | | | | | | | ?????????????????????????????????????????????????? | | ?????????????????????????????????????????????????? | | ?????????????????????????????????????????????????? | | ?????????????????????????????????????????????????? | | #######??????????????????????????????????????????? | | # ######################?????????????????????? | | #?????????????????????? | | #?????????????????????? | | #?????????????????????? | | # ##########+########s#####??????????????????? | | ## ######## ## #??????????????????? | | ## # ! # T ## #??????????????????? | | ## # # ## #??????????????????? | | ## + """ # """ ## #??????????????????? | | ## # """ # """ ## #??????????????????? | | ## # """ # """ ## #??????????????????? | | ## # # [ ## k #??????????????????? | | ## #####+## """ ## #??????????????????? | | ## #??????# """ ## @ #??????????????????? | | ?# #??????#???? #####/#####??????????????????? | | ?# #??????????? #???# #??????????????????????? | | ?# #????????????###???# #??????????????????????? | | ?# #??????????????????# #??????????????????????? | | ?# #??????????????????# #??????????????????????? | | ## #??????????????????# #??????????????????????? | | # #??????????????????# #??????????????????????? | | # #??????????????????# #??????????????????????? | | + #??????????????????? ???????????????????????? | | # #??????????????????? ???????????????????????? | | # #??????????????????? ???????????????????????? | | =# ###????????????????? ???????????????????????? | | ## !%# ##????????????????"???????????????????????? | | # #????????????????"???????????????????????? | | # ???????????????????????????????????????? | | # = #????????????????????????????????????? | | %[=% #????????????????????????????????????? | | % =!%[* #????????????????????????????????????? | | ! %=[ #????????????????????????????????????? | | #### #????????????????????????????????????? | | # #??? #????????????????????????????????????? | | #????? #???????????????????????????????????? | | #?????? ??????????????????????????????????? | | # #??????? ??????????????????????????????????? | +----------------------------------------------------+ Best States ------------- Heat Dissipation 28 Energy Generation 10 Energy Capacity 250 Matter Stores 300 Matter Capacity 300 Sight Range 16 Terrain Scan Density 10 Evasion (%) 55 Item Schematics ----------------- Datajack | -9/Materials | Scanalyzed Rocket Launcher | -9/Materials | Scanalyzed Robot Schematics ------------------ None Fabricated ------------ Nothing Alien Tech Used ----------------- None Achievements -------------- None Challenges ------------ None Game ------ Seed ExpertTeleporterRigger Manual? 0 Play Time 00:12:42 Cumulative 10.7 hours Start 2024.11.11 @ 22:37:24 End 2024.11.11 @ 22:51:01 Sessions 1 Manual Loads 0 Difficulty Rogue Special Mode None Game No. 15 Rogue 15 Adventurer 0 Explorer 0 Win Type - Total 0 Types 0/0/0/0/0/0/0/0/0 Lore% 2 Gallery% 15 Achievement% 13 Wizard Run 0 Options --------- Layout 0 ASCII 0 Keyboard 1 Movement Numpad Keybinds 0 Fullscreen 2 Font 18/SmallcapsGlow Map View 76x50 Zoom Use 4% Tactical HUD 1 Map Filters NONE Filters NONE Steam 1 RUN: fa6cb026-5868-46a9-badb-1962dfe32f0d